Map: Acolyte LE

Players

Winthrowe

  • Race: Terran Terran
  • Spawn Location: 1:00

A.I. 1 (Hard) - Winner!

  • Race: Terran Terran
  • Spawn Location: 7:00

VOD

Have the link to the VOD?

Description

Time

  • Played on: Aug. 16, 2017, 9:12 p.m.
  • Length: 7:47
Show
View Real Time Build Order
Export as new Build Order

Winthrowe Terran 

Build Orders:  

Get SALT Encoding   

  12  0:06  SCV  
  13  0:18  SCV  
  14  0:32  Supply Depot  
  14  0:35  Refinery  
  14  1:03  Barracks  
  14  1:15  SCV  
  14  1:17  Supply Depot  
  15  1:28  SCV  
  16  1:41  SCV  
  16  1:46  Refinery  
  17  1:58  Factory  
  17  2:04  Marine  
  18  2:16  Orbital Command  
  18  2:22  Marine  
  19  2:43  Barracks Reactor  
  19  2:50  Starport  
  19  3:09  Factory Reactor  
  19  3:35  Command Center  
  19  3:49  Starport Tech Lab  
  19  4:07  Factory Tech Lab  
  19  4:11  Barracks  
  19  4:45  SCV  
  20  4:57  SCV  
  21  5:00  Barracks  
  21  5:09  SCV  
  22  5:15  Marine x2  
  22  5:16  Marine x2  
  22  5:21  SCV, Cyclone  
  29  5:27  Viking  
  32  5:33  SCV  
  33  5:53  Cyclone  
  36  5:57  Medivac  
  36  6:00  Engineering Bay  
  36  6:02  SCV  
  39  6:14  SCV x2  
  41  6:26  SCV  
  41  6:27  SCV  
  41  6:28  Supply Depot  
  43  6:38  SCV  
  43  6:39  SCV  
  45  6:50  SCV  
  45  6:51  Supply Depot  
  46  6:59  Marine  
  46  7:00  Marine x4  
  37  7:18  Marine  
Show
View Real Time Build Order
Export as new Build Order

A.I. 1 (Hard) Terran - Winner!

Build Orders:  

Get SALT Encoding   

  12  0:00  SCV  
  13  0:13  SCV  
  14  0:19  Supply Depot  
  14  0:25  SCV  
  15  0:40  SCV  
  16  0:44  Barracks  
  16  0:49  Refinery  
  16  0:52  SCV  
  17  1:04  SCV  
  18  1:17  SCV  
  19  1:21  Supply Depot  
  19  1:29  SCV  
  19  1:32  Marine  
  21  1:41  Barracks  
  21  1:42  Orbital Command  
  21  1:49  Refinery  
  21  1:51  Barracks Tech Lab  
  21  2:07  Supply Depot  
  21  2:09  Marine  
  22  2:27  Marine  
  22  2:29  Marine  
  24  2:45  Marine  
  24  2:47  Marine, Supply Depot  
  26  3:02  Marine  
  26  3:05  Marine  
  28  3:15  Supply Depot  
  28  3:17  SCV  
  29  3:21  Marauder  
  29  3:23  Marine  
  32  3:29  SCV  
  32  3:30  Engineering Bay  
  33  3:41  Marine, SCV  
  35  3:43  Marine  
  36  3:53  SCV  
  37  3:58  Marine  
  37  4:01  Marauder  
  40  4:05  SCV  
  41  4:17  SCV  
  41  4:23  Marauder  
  44  4:44  Marauder  
  46  5:05  Marauder  
  48  6:03  Barracks Tech Lab  
  48  6:04  Reaper  
  49  6:05  Factory  
  49  6:07  Factory  
  49  6:09  Missile Turret  
  49  6:10  Missile Turret, Command Center  
  49  6:11  Supply Depot  
  49  6:14  Barracks  
  49  6:21  Combat Shields, Marauder  
  51  6:31  Bunker  
  51  6:36  Reaper  
  52  6:48  Factory Tech Lab  
  52  6:51  Marine  
  52  6:53  Starport  
  49  6:56  Starport, Factory Tech Lab  
  49  7:01  Marine  
  47  7:08  Marine  
  48  7:13  Marine  
  49  7:16  Sensor Tower  
  49  7:20  Marine  
  49  7:22  SCV  
  51  7:24  SCV  
  51  7:25  Missile Turret  
  51  7:26  Marine  
  53  7:33  Missile Turret  
  53  7:34  SCV, Refinery  
  56  7:37  Armory  
  56  7:39  Barracks Reactor, Starport Tech Lab x2, Refinery  
Tags
 
Matchup
TvT
Race
Terran
Spawn Locations
Cross Positions
Add a new tag
Caveats
  • Supply blocks, unpowered buildings, or Contaminate may cause inaccurate times.
  • Supply counts are checked every 10 seconds.